 Dungeon Crawl Stone Soup version 0.20-a0-705-gbe8799e (webtiles) character file.

26 M4edhros the Grave Robber (level 2, 0/20 HPs)
             Began as a Demigod Necromancer on Feb 21, 2017.
             Slain by a quokka (3 damage)
             ... on level 2 of the Dungeon.
             The game lasted 00:01:29 (316 turns).

M4edhros the Grave Robber (Demigod Necromancer)      Turns: 316, Time: 00:01:30

Health: 0/20       AC:  2    Str: 11    XL:     2   Next: 69%
Magic:  7/7        EV: 12    Int: 19    God:
Gold:   53         SH:  0    Dex: 16    Spells: 3/4 levels left

rFire    . . .     SeeInvis .   k - +1 dagger (venom)
rCold    . . .     Gourm    .   a - +0 robe
rNeg     . . .     Faith    .   (no shield)
rPois    .         Spirit   .   (no helmet)
rElec    .         Reflect  .   (no cloak)
rCorr    .         Harm     .   (no gloves)
MR       .....                  (no boots)
Stlth    ++........             (no amulet)
Regen    0.1/turn               (no ring)
MPRegen  0.1/turn               (no ring)

@: no status effects
A: high mp 1
a: no special abilities


You were on level 2 of the Dungeon.
You were not hungry.

You visited 1 branch of the dungeon, and saw 3 of its levels.

You collected 53 gold pieces.

Inventory:

Hand Weapons
 k - a +1 dagger of venom (weapon)
Armour
 a - a +0 robe (worn)
Scrolls
 e - a scroll of teleportation {unknown}
 h - a scroll of identify {unknown}
Potions
 f - a potion of heal wounds {unknown}
 g - a potion of degeneration {unknown}
 i - a potion of agility {unknown}
 j - a potion of flight {unknown}
Books
 b - a book of Necromancy

   Spells                             Type                      Level
   a - Pain                           Necromancy                   1
   b - Animate Skeleton               Necromancy                   1
   c - Vampiric Draining              Necromancy                   3
   d - Regeneration                   Charms/Necromancy            3
   e - Animate Dead                   Necromancy                   4
   f - Control Undead                 Necromancy                   4
Comestibles
 c - a bread ration
 d - a chunk of flesh


   Skills:
 - Level 1.7 Dodging
 - Level 1.7 Stealth
 + Level 2.3 Unarmed Combat
 - Level 1.7 Spellcasting
 - Level 3.6 Necromancy


You had 3 spell levels left.
You knew the following spells:

 Your Spells              Type           Power        Failure   Level  Hunger
a - Pain                  Necr           ###.         4%          1    #......


Dungeon Overview and Level Annotations

Branches:
Dungeon (3/15)


Innate Abilities, Weirdness & Mutations

You have an increased reservoir of magic. (+10% MP)


Message History

The gnoll hits you.
* * * LOW HITPOINT WARNING * * *
You hit the gnoll but do no damage.
The gnoll looks even sicker.
The gnoll is severely wounded.
The gnoll barely misses you. The gnoll hits you.
* * * LOW HITPOINT WARNING * * *
Found a scroll labeled YMNOAG CYOWN.
You kill the gnoll!
Your Unarmed Combat skill increases to level 2!
You hit the quokka.
The quokka is moderately wounded.
The quokka closely misses you.
You hit the quokka but do no damage.
The quokka is poisoned.
The quokka is moderately wounded.
The quokka misses you. The quokka closely misses you.
You closely miss the quokka.
The quokka is moderately wounded.
The quokka bites you.
You die...

######### #...?...#
#.......# ........#
........#
......r@#####
............###
...............
.##....†....##.
#.....[...##
#..........## ..
###...............
...........##.........
.......>..## #..._...


You could see a quokka.

Vanquished Creatures
  A gnoll (D:2)
  A leopard gecko (D:1)
  3 giant cockroaches
  A goblin (D:2)
  4 hobgoblins
  5 rats (D:1)
15 creatures vanquished.

Notes
Turn   | Place    | Note
-------+----------+-------------------------------------------
     0 | D:1      | M4edhros the Demigod Necromancer began the quest for the Orb.
     0 | D:1      | Reached XP level 1. HP: 14/14 MP: 5/5
    55 | D:1      | Reached skill level 1 in Unarmed Combat
   185 | D:1      | Reached XP level 2. HP: 14/20 MP: 7/7
   270 | D:1      | You fall through a shaft!
   271 | D:2      | Found a shadowy altar of Dithmenos.
   316 | D:2      | Slain by a quokka

Vault maps used:
D:1:      lemuel_arrival_broad_hall, roderic_serpentine_path
D:2:      wad_river_or_something, nicolae_dithmenos_shadow_blocks,
          fedhas_altar_1, nicolae_overflow_hidden_temple
D:3:      first_bread, minmay_misc_feat_five, kennysheep_cluttered_room,
          serial_bayou_lagoon_a

Skill      XL: |  1  2 |
---------------+-------+-----
Unarmed Combat | 1 2 |  2.3
Dodging        | |  1.7
Stealth        | |  1.7
Spellcasting   | |  1.7
Necromancy     | |  3.6

Action                   || total
-------------------------++-------
Melee: Unarmed           ||    34
       Punch             ||     1
       Dagger            ||     7
 Cast: Pain              ||    14
  Use: Potion            ||     1
 Stab: Sleeping          ||     1
Armor: Robe              ||     6
Dodge: Dodged            ||    25
